 Dungeon Crawl Stone Soup version 0.29-a0-243-g602b31c20e (webtiles) character file.

Game seed: 8687372644407232230

1625 timneilson the Shield-Bearer (level 8, -1/49 HPs)
             Began as a Gargoyle Fighter on Mar 4, 2022.
             Was an Initiate of Okawaru.
             Slain by a wraith (3 damage)
             ... on level 6 of the Dungeon.
             The game lasted 00:09:31 (6548 turns).

timneilson the Shield-Bearer (Gargoyle Fighter)     Turns: 6548, Time: 00:09:31

Health: -1/49      AC: 18    Str: 21    XL:     8   Next: 97%
Magic:  8/8        EV:  8    Int: 10    God:    Okawaru [......]
Gold:   233        SH:  6    Dex:  9    Spells: 7/7 levels left

rFire   . . .      SeeInvis .   a - +1 long sword
rCold   . . .      Faith    .   c - +1 buckler
rNeg    + . .      Spirit   .   o - +0 chain mail
rPois   ∞          Reflect  .   (no helmet)
rElec   +          Harm     .   r - +0 cloak
rCorr   .          Rampage  .   m - +0 pair of gloves
Will    .....                   (no boots)
Stlth   ..........              (no amulet)
HPRegen 0.16/turn               (no ring)
MPRegen 0.11/turn               (no ring)

@: slowed, very slow
A: sickness immunity, AC +5, negative energy resistance 1, electricity
resistance, torment resistance 1, petrification resistance
a: Renounce Religion


You were on level 6 of the Dungeon.
You worshipped Okawaru.
Okawaru was noncommittal.
You visited 2 branches of the dungeon, and saw 8 of its levels.

You collected 233 gold pieces.

Inventory:

Hand Weapons
 a - a +1 long sword (weapon)
Armour
 c - a +1 buckler (worn)
 m - a +0 pair of gloves (worn)
 o - a +0 chain mail (worn)
 r - a +0 cloak (worn)
Jewellery
 b - an amulet of the acrobat
 h - an amulet of guardian spirit
Wands
 j - a wand of flame (9)
 p - a wand of polymorph (12)
Scrolls
 l - 3 scrolls of teleportation
 n - 3 scrolls of identify
Potions
 d - 2 potions of ambrosia
 e - a potion of mutation
 g - a potion of flight
 i - 2 potions of lignification
 k - a potion of resistance
 q - a potion of magic


   Skills:
 + Level 5.2 Fighting
 * Level 4.9 Long Blades
 * Level 6.5 Armour
 + Level 2.7 Dodging
 * Level 6.6 Shields
 + Level 0.6 Invocations
 + Level 2.8 Evocations


You had 7 spell levels left.
You didn't know any spells.
Your spell library contained the following spells:

 Spells                   Type           Power      Damage    Failure   Level
 Apportation              Tloc           0%         N/A       98%         1
 Freeze                   Ice            0%         1d3       98%         1
 Magic Dart               Conj           0%         1d3       98%         1
 Searing Ray              Conj           0%         2d4       99%         2
 Frozen Ramparts          Ice            0%         1d2       100%        3
 Fulminant Prism          Conj/Hex       0%         3d6       100%        4
 Hailstorm                Conj/Ice       0%         3d3       100%        4
 Animate Skeleton         Necr           Unusable   N/A       N/A         1
 Summon Small Mammal      Summ           Unusable   N/A       N/A         1

Dungeon Overview and Level Annotations

Branches:
Dungeon (7/15)             Temple (1/1) D:6

Altars:
Cheibriados
Elyvilon
Fedhas
Gozag
Kikubaaqudgha
Makhleb
Okawaru
Ru
Uskayaw
Xom
Yredelemnul
Zin
The Shining One

Shops:
D:3 !   D:6 (

Annotations:
D:4 3 runed translucent doors, Bediveer's ghost, amateur PaAK
D:7 Joseph


Innate Abilities, Weirdness & Mutations

You are immune to sickness and miasma.
Your stone body is resilient. (AC +5)
You are immune to poison.
You resist negative energy. (rN+)
You are resistant to electric shocks. (rElec)
You are resistant to unholy torment.
You are immune to petrification.


Message History

You hit the wraith but do no damage.
The wraith is severely damaged.
You block the wraith's attack. The wraith hits you but does no damage.
You closely miss the wraith.
The wraith is severely damaged.
The wraith hits you!
* * * LOW HITPOINT WARNING * * *
The wraith drains your vigour!
You feel as though you will be slow longer.
You closely miss the wraith.
The wraith is severely damaged.
The wraith barely misses you. You block the wraith's attack.
You feel better. The wraith hits you!
* * * LOW HITPOINT WARNING * * *
The wraith drains your vigour!
You feel as though you will be slow longer.
The wraith hits you.
* * * LOW HITPOINT WARNING * * *
The wraith drains your vigour!
You feel as though you will be slow longer.
You feel better. You block the wraith's attack.
You barely miss the wraith.
The wraith is severely damaged.
The wraith closely misses you. The wraith hits you!
* * * LOW HITPOINT WARNING * * *
You hit the wraith.
The wraith is severely damaged.
The wraith hits you.
* * * LOW HITPOINT WARNING * * *
The wraith drains your vigour!
You feel as though you will be slow longer.
You block the wraith's attack.
You hit the wraith but do no damage.
The wraith is severely damaged.
The wraith hits you.
* * * LOW HITPOINT WARNING * * *
You hit the wraith but do no damage.
The wraith is severely damaged.
You block the wraith's attack. The wraith hits you.
You die...

...........#
.....####### ######
.....# ####....#
.....# #....####
....## ###.####
.....#######...#######
.............###.....#
.....##.##..## #.....#
.....#..###..###@....#
.......## ##.....W...#
....#.## ##........#
......#### ##.##.....#
.........# #..##.....#
.........###.#########
#####........#
##....######
###.[##.##


You could see a wraith.

Vanquished Creatures
  Grinder (D:4)
  2 water moccasins
  2 black bears (D:6)
  A sky beast (D:5)
  3 ogres
  2 bullfrogs
  A necrophage (D:5)
  2 scorpions
  A howler monkey (D:6)
  2 jellies
  Crazy Yiuf (D:6)
  An iguana (D:4)
  Ijyb (D:3)
  An orc wizard (D:5)
  8 adders
  A shadow imp (D:4)
  A worm (D:2)
  A dart slug (D:3)
  12 orcs
  11 endoplasms
  7 giant cockroaches
  7 goblins
  8 hobgoblins
  7 quokkas
  10 ball pythons
  6 bats
  2 frilled lizards
  6 kobolds
  8 rats
116 creatures vanquished.

Notes
Turn   | Place    | Note
-------+----------+-------------------------------------------
     0 | D:1      | timneilson the Gargoyle Fighter began the quest for the
                  | Orb.
     0 | D:1      | Reached XP level 1. HP: 14/14 MP: 1/1
   348 | D:1      | Reached XP level 2. HP: 15/19 MP: 2/2
   755 | D:1      | Reached XP level 3. HP: 23/23 MP: 3/3
  1490 | D:2      | HP: 1/23 [constriction (1)]
  2102 | D:2      | Reached XP level 4. HP: 15/28 MP: 4/4
  2734 | D:3      | Noticed Ijyb
  2743 | D:3      | Paralysed by Ijyb for 5 turns
  2754 | D:3      | Paralysed by Ijyb for 3 turns
  2761 | D:3      | Killed Ijyb
  2762 | D:3      | Reached XP level 5. HP: 26/33 MP: 5/5
  3218 | D:3      | Found Seskiaryc's Distillery.
  3331 | D:3      | Found a faded altar of an unknown god.
  3556 | D:4      | Reached skill level 1 in Dodging
  3661 | D:4      | Found a runed translucent gate.
  3661 | D:4      | Found a runed translucent gate.
  3661 | D:4      | Found a runed translucent gate.
  3662 | D:4      | Noticed a kobold brigand
  3663 | D:4      | Noticed Bediveer's ghost (amateur PaAK)
  3833 | D:4      | Reached XP level 6. HP: 25/38 MP: 6/6
  3979 | D:4      | Reached skill level 1 in Evocations
  4197 | D:4      | Noticed Grinder
  4208 | D:4      | Paralysed by Grinder for 6 turns
  4240 | D:4      | Killed Grinder
  4241 | D:4      | Reached skill level 5 in Armour
  4241 | D:4      | Reached skill level 5 in Shields
  4241 | D:4      | Reached XP level 7. HP: 18/43 MP: 7/7
  4634 | D:5      | Entered Level 5 of the Dungeon
  4988 | D:5      | Reached XP level 8. HP: 43/48 MP: 8/8
  5455 | D:6      | Found Edonuluw's Weapon Shop.
  5569 | D:6      | Found a blossoming altar of Fedhas.
  5607 | D:6      | Reached skill level 5 in Fighting
  5608 | D:6      | Found a staircase to the Ecumenical Temple.
  5622 | Temple   | Entered the Ecumenical Temple
  5650 | Temple   | Became a worshipper of Warmaster Okawaru
  6198 | D:6      | Found a runed translucent door.
  6199 | D:6      | Noticed Crazy Yiuf
  6213 | D:6      | Killed Crazy Yiuf
  6512 | D:7      | Noticed a wraith
  6513 | D:7      | Noticed Joseph
  6547 | D:6      | HP: 1/49 [wraith (5)]
  6548 | D:6      | Slain by a wraith

Illustrated notes

Levels and vault maps discovered:
D:1:      tarquinn_simple_flora_water_f, layout_basic
D:2:      layout_loops_cross
D:3:      layout_loops_cross, ebering_ecumenical_altar_mist, serial_shops,
          nicolae_shop_trees, minmay_misc_feat_roman, uniq_ijyb
D:4:      layout_basic, gammafunk_ghost_nasty_kobolds, uniq_grinder
D:5:      layout_rooms, amcnicky_mini_corridor_feature,
          hangedman_decor_slide_cut
D:6:      layout_rooms, fedhas_altar_2, minmay_temple_entry_glass, serial_shops,
          nicolae_lakefront_shop, uniq_crazy_yiuf_cottage
D:7:      layout_gridville, st_stairs_7, minmay_guarded_unrand_finisher,
          uniq_joseph
Temple:   minmay_temple_bridge_abc

Skill      XL: |  1  2  3  4  5  6  7  8 |
---------------+-------------------------+-----
Long Blades    | 2 3 4 |  4.9
Shields        | 4 5 6 |  6.6
Armour         | 4 5 6 |  6.5
Dodging        | 1 2 |  2.7
Fighting       | 4 5 |  5.2
Evocations     | 1 2 |  2.8
Invocations    | |  0.6

Action                   |  1- 3 |  4- 6 |  7- 9 || total
-------------------------+-------+-------+-------++-------
Melee: Long sword        |   171 |   211 |   213 ||   595
  Use: Scroll            |     3 |     5 |     5 ||    13
       Potion            |     3 |     4 |     3 ||    10
 Stab: Invisible         |       |       |     1 ||     1
Armor: Scale mail        |    98 |    91 |       ||   189
       Chain mail        |       |    41 |   140 ||   181
       Skin              |       |     3 |       ||     3
Dodge: Dodged            |    86 |    89 |    97 ||   272
Block: Buckler           |    33 |    65 |    74 ||   172

Table legend: (Time is in decaauts)
 A = Elapsed time spent in this place.
 B = Non-inter-level travel time spent in this place.
 C = Inter-level travel time spent in this place.
 D = Time resting spent in this place.
 E = Time spent auto-exploring this place.
 F = Levels seen in this place.
 G = Mean time per level.
                   A        B        C        D        E       F      G
               +--------+--------+--------+--------+--------+-----+--------+
         Total |   6743 |   6619 |    124 |    114 |   5164 |   8 |  842.9 |
       Dungeon |   6529 |   6427 |    102 |    114 |   4984 |   7 |  932.7 |
        Temple |    214 |    192 |     22 |      0 |    180 |   1 |  214.0 |
               +--------+--------+--------+--------+--------+-----+--------+

Top non-repeatable levels by time:
     D:1: 1427 daAuts
     D:2: 1356 daAuts
     D:4: 1132 daAuts
     D:6: 992 daAuts
     D:3: 839 daAuts
     D:5: 778 daAuts
  Temple: 214 daAuts
     D:7: 2 daAuts
